 Dungeon Crawl Stone Soup version 0.29.0-4-gdea44cf6ec (webtiles) character file.

Game seed: 1861202898743313355

106 qw the Chopper (level 4, 0/26 HPs)
             Began as a Tengu Warper on Aug 28, 2022.
             Killed by divine providence
             ... invoked by an orc priest
              (13 damage)
             ... on level 3 of the Dungeon.
             The game lasted 00:00:15 (2675 turns).

qw the Chopper (Tengu Warper)                       Turns: 2675, Time: 00:00:16

Health: 0/26       AC: 11    Str: 13    XL:     4   Next: 84%
Magic:  8/8        EV:  9    Int: 13    God:
Gold:   76         SH:  0    Dex: 14    Spells: 7/7 levels left

rFire   . . .      SeeInvis .   Y - +1 hand axe
rCold   . . .      Faith    .   (no shield)
rNeg    + . .      Spirit   .   e - +0 pearl dragon scales
rPois   .          Reflect  .   (helmet restricted)
rElec   .          Harm     .   c - +0 cloak
rCorr   +          Rampage  .   (no gloves)
Will    .....                   (boots unavailable)
Stlth   ..........              (no amulet)
HPRegen 0.08/turn               i - ring of resist corrosion
MPRegen 0.11/turn               (no ring)

@: no status effects
A: beak, talons 3
a: no special abilities


You were on level 3 of the Dungeon.
You visited 1 branch of the dungeon, and saw 3 of its levels.

You collected 224 gold pieces.
You spent 148 gold pieces at shops.


Innate Abilities, Weirdness & Mutations

You have a beak for a mouth.
You have claws for feet.


   Skills:
 - Level 2.0 Fighting
 - Level 5.1 Axes
 - Level 1.0 Throwing
 + Level 1.8 Armour
 - Level 2.1 Dodging
 - Level 2.0 Spellcasting
 - Level 2.4 Translocations


You had 7 spell levels left.
You didn't know any spells.
Your spell library contained the following spells:

 Spells                   Type           Power      Damage    Failure   Level
 Blink                    Tloc           14%        N/A       67%         2
 Gell's Gravitas          Tloc           7%         N/A       88%         3
 Lesser Beckoning         Tloc           7%         N/A       88%         3
 Teleport Other           Tloc           7%         N/A       88%         3
 Manifold Assault         Tloc           7%         N/A       100%        5

Inventory:

Hand Weapons
 o - a +0 whip
 Y - a +1 hand axe (weapon)
Armour
 c - a +0 cloak (worn)
 e - +0 pearl dragon scales (worn)
Jewellery
 i - a ring of resist corrosion (left hand)
Scrolls
 g - a scroll of identify
Potions
 d - a potion of resistance
 f - a potion of brilliance {unknown}
 k - a potion of flight {unknown}
 l - a potion of degeneration {unknown}
 m - a potion of magic {unknown}
 n - a potion of heal wounds {unknown}

Dungeon Overview and Level Annotations

Branches:
Dungeon (3/15)

Altars:
Cheibriados

Shops:
D:2 ?[[*(


Message History

An orc priest comes into view. It is wielding a +0 mace.
An orc comes into view. It is wielding a +0 hand axe.
2663 ||| Stepping ~*~*~tactically~*~*~ (stealth).
The orc priest shouts!
The orc hits you but does no damage.
You hit the orc but do no damage. You barely miss the orc. The orc misses you.
The orc closely misses you.
You closely miss the orc. You hit the orc. The orc barely misses you.
The orc hits you with a +0 club.
The orc priest calls upon Beogh to heal the orc.
The orc's wounds heal themselves!
You hit the orc.
The orc is moderately wounded.
You hit the orc. The orc hits you with a +0 hand axe.
The orc barely misses you.
You hit the orc. You claw the orc.
You kill the orc!
You hit the orc.
You kill the orc!
You hit the orc priest but do no damage.
You peck the orc priest, but do no damage.
The orc priest hits you with a +0 mace.
You hit the orc priest. Your kick misses the orc priest.
Your peck misses the orc priest.
The orc priest is lightly wounded.
The orc priest barely misses you. The orc priest hits you with a +0 mace.
You hit the orc priest but do no damage.
The orc priest is lightly wounded.
The orc priest calls down the wrath of Beogh upon you.
You are unaffected.
You hit the orc priest but do no damage.
You claw the orc priest, but do no damage.
The orc priest is lightly wounded.
The orc priest barely misses you.
You completely miss the orc priest. Your peck misses the orc priest.
The orc priest is lightly wounded.
The orc priest calls down the wrath of Beogh upon you.
Beogh smites you!
Ouch! That really hurt!
You die...

#.# .# #.# .# #.# ##.#
#.# #... #.#######..#
############..........#
..................##..#
.###.###.#.####.#...#<..
.......@###.##.##.#.....
.###...o)#.)............
#..##....#.#####.#.##
#..o.....#... ...#.#
#........#.#...#.#.#
#........# #._.#.#.#
.........# #...#.#..
..........# ......#..
.## #.#


You could see an orc priest.

Vanquished Creatures
  3 adders
  4 orcs
  2 endoplasms
  3 giant cockroaches
  9 goblins
  7 hobgoblins
  8 jackals
  6 kobolds
  2 quokkas
  9 ball pythons
  6 bats
  12 rats
71 creatures vanquished.

Notes
Turn   | Place    | Note
-------+----------+-------------------------------------------
     0 | D:1      | qw the Tengu Warper began the quest for the Orb.
     0 | D:1      | Reached XP level 1. HP: 12/12 MP: 4/4
     0 | D:1      | 0 ||| qw: Version: 0.1-a-89-g26bdef1
     0 | D:1      | 0 ||| qw: Game counter: 2119
     0 | D:1      | 0 ||| qw: Always use a shield: true
     0 | D:1      | 0 ||| qw: God list: Okawaru
     0 | D:1      | 0 ||| qw: Allow faded altars: false
     0 | D:1      | 0 ||| qw: Do Orc after D:15 true
     0 | D:1      | 0 ||| qw: Do second Lair branch before Depths: true
     0 | D:1      | 0 ||| qw: Lair rune preference: random
     0 | D:1      | 0 ||| qw: Plans: Normal
     0 | D:1      | 0 ||| PLANNING D:1-11
   116 | D:1      | 116 ||| Stepping ~*~*~tactically~*~*~ (stealth).
   122 | D:1      | Reached skill level 3 in Axes
   122 | D:1      | Reached XP level 2. HP: 17/17 MP: 6/6
   128 | D:1      | HP: 3/17 [kobold/+0 club (4)]
   130 | D:1      | HP: 1/17 [kobold/+0 club (2)]
   729 | D:1      | 729 ||| Stepping ~*~*~tactically~*~*~ (stealth).
   731 | D:1      | 731 ||| Stepping ~*~*~tactically~*~*~ (stealth).
   748 | D:1      | Reached XP level 3. HP: 13/21 MP: 7/7
   963 | D:1      | 963 ||| UPGRADING to +0 ring mail.
   973 | D:1      | 973 ||| DROPPING +0 leather armour.
   974 | D:1      | 974 ||| UPGRADING to ring of resist corrosion.
   975 | D:1      | 975 ||| READING scroll labelled VUVUSO PO HIR.
   976 | D:1      | 976 ||| READING 2 scrolls labelled ERGHUO ADISI.
   977 | D:1      | 977 ||| READING scroll labelled MUONAO TOUPHAH.
   978 | D:1      | 978 ||| READING scroll labelled FICLAU WUZUARI.
   979 | D:1      | 979 ||| DROPPING scroll of blinking.
   980 | D:1      | 980 ||| DROPPING scroll of fog.
  1000 | D:2      | Found Geme's Antique Armour Emporium.
  1004 | D:2      | 1004 ||| BUYING scale mail (68 gold).
  1004 | D:2      | Bought a scale mail for 68 gold pieces
  1004 | D:2      | 1004 ||| SHOPLISTING shiny chain mail (127 gold, have 43).
  1004 | D:2      | 1004 ||| SHOPLISTING smoking ring mail (153 gold, have 43).
  1152 | D:2      | Reached skill level 4 in Axes
  1176 | D:2      | 1176 ||| Stepping ~*~*~tactically~*~*~ (stealth).
  1333 | D:2      | Found Akhah's Armour Shop.
  1348 | D:2      | 1348 ||| BUYING +0 cloak (58 gold).
  1348 | D:2      | Bought a +0 cloak for 58 gold pieces
  1348 | D:2      | 1348 ||| SHOPLISTING +0 ring mail of the Old World {rPois
                  | rF+ Will+ Str+4} (470 gold, have 24).
  1348 | D:2      | 1348 ||| SHOPLISTING +2 scale mail of cold resistance (273
                  | gold, have 24).
  1387 | D:2      | Found Oreoph's Magic Scroll Shoppe.
  1397 | D:2      | 1397 ||| SHOPLISTING scroll of enchant armour (82 gold,
                  | have 31).
  1397 | D:2      | 1397 ||| SHOPLISTING scroll of enchant weapon (82 gold,
                  | have 31).
  1397 | D:2      | 1397 ||| BUYING scroll of identify (22 gold).
  1397 | D:2      | Bought a scroll of identify for 22 gold pieces
  1397 | D:2      | 1397 ||| SHOPLISTING scroll of identify (22 gold, have 9).
  1718 | D:2      | 1718 ||| DROPPING +0 club.
  1732 | D:2      | Found Biuczen's Antique Weapon Emporium.
  1884 | D:2      | Found a faded altar of an unknown god.
  1926 | D:2      | Reached XP level 4. HP: 26/26 MP: 8/8
  1995 | D:2      | Found Qucofiwn's General Store.
  1998 | D:2      | 1998 ||| SHOPLISTING amulet of reflection (300 gold, have
                  | 37).
  1998 | D:2      | 1998 ||| SHOPLISTING potion of haste (100 gold, have 37).
  1998 | D:2      | 1998 ||| SHOPLISTING potion of heal wounds (50 gold, have
                  | 37).
  1998 | D:2      | 1998 ||| SHOPLISTING ring of fire (250 gold, have 37).
  2080 | D:2      | 2080 ||| Stepping ~*~*~tactically~*~*~ (stealth).
  2264 | D:2      | 2264 ||| Stepping ~*~*~tactically~*~*~ (stealth).
  2267 | D:2      | 2267 ||| Stepping ~*~*~tactically~*~*~ (stealth).
  2270 | D:2      | 2270 ||| Stepping ~*~*~tactically~*~*~ (stealth).
  2272 | D:2      | 2272 ||| Stepping ~*~*~tactically~*~*~ (hiding).
  2319 | D:2      | 2319 ||| Stepping ~*~*~tactically~*~*~ (hiding).
  2322 | D:2      | 2322 ||| Stepping ~*~*~tactically~*~*~ (hiding).
  2323 | D:2      | 2323 ||| Stepping ~*~*~tactically~*~*~ (hiding).
  2331 | D:2      | Reached skill level 5 in Axes
  2574 | D:2      | 2574 ||| UPGRADING to +0 scale mail.
  2584 | D:2      | 2584 ||| UPGRADING to +0 chain mail.
  2594 | D:2      | 2594 ||| DROPPING +0 scale mail.
  2595 | D:2      | 2595 ||| UPGRADING to +0 cloak.
  2600 | D:2      | 2600 ||| UPGRADING to +0 pearl dragon scales.
  2610 | D:2      | 2610 ||| DROPPING +0 chain mail.
  2611 | D:2      | 2611 ||| DROPPING +0 ring mail.
  2612 | D:2      | 2612 ||| READING scroll labelled YGAXZA HOISCHERUIN.
  2615 | D:2      | 2615 ||| DRINKING 2 fizzy sapphire potions.
  2632 | D:3      | Found a snail-covered altar of Cheibriados.
  2633 | D:3      | 2633 ||| STAIRDANCE
  2663 | D:3      | 2663 ||| Stepping ~*~*~tactically~*~*~ (stealth).
  2675 | D:3      | Killed from afar by an orc priest

Levels and vault maps discovered:
D:1:      lightli_iron_boxes, layout_basic
D:2:      kennysheep_the_goblin_king, layout_basic,
          nicolae_ecumenical_snake_handling, serial_shops, shop, shop, shop,
          nicolae_shop_behind_doors, nicolae_shop_advertising_works
          [nicolae_subvault_shop_adworks], minmay_rat_gold_closets
D:3:      layout_loops_ring, amcnicky_altar_gilded,
          mainiacjoe_overflow_boulevard, mainiacjoe_overflow_cross_hatched,
          serial_park_tiny_pond, kennysheep_generic_room_15

Skill      XL: |  1  2  3  4 |
---------------+-------------+-----
Axes           | 3 4 5 |  5.1
Fighting       | |  2.0
Throwing       | |  1.0
Armour         | |  1.8
Dodging        | |  2.1
Spellcasting   | |  2.0
Translocations | |  2.4

Action                   |  1- 3 |  4- 6 || total
-------------------------+-------+-------++-------
Melee: Hand axe          |   103 |    39 ||   142
       Kick              |    26 |     8 ||    34
       Peck              |    13 |     5 ||    18
       Punch             |     1 |       ||     1
Throw: Boomerang         |     7 |       ||     7
  Use: Scroll            |     4 |     1 ||     5
       Potion            |       |     1 ||     1
Armor: Leather armour    |    14 |       ||    14
       Ring mail         |    31 |     7 ||    38
       Pearl dragon scal |       |     6 ||     6
Dodge: Dodged            |    62 |    18 ||    80

Table legend:
 A = Non-vault XP
 B = Vault XP
 C = Vault XP percentage of total XP
 D = Non-vault monster count
 E = Vault monster count
 F = Vault count percentage of total count
                 A         B        C        D         E       F
            +---------+---------+-------+---------+---------+-------
      Total |     124 |      28 |  18.4 |      52 |      19 |  26.8
            +---------+---------+-------+---------+---------+-------
        D:1 |      37 |       0 |   0.0 |      22 |       0 |   0.0
        D:2 |      64 |      28 |  30.4 |      25 |      19 |  43.2
        D:3 |      23 |       0 |   0.0 |       5 |       0 |   0.0
            +---------+---------+-------+---------+---------+-------
